 Dungeon Crawl Stone Soup version 0.17.1-3-g152610e (webtiles) character file.

42654 inmateoo the Bludgeoner (level 13, -2/178 HPs)
             Began as a Troll Enchanter on Apr 27, 2016.
             Was the Champion of Okawaru.
             Slain by an elephant (6 damage)
             ... on level 5 of the Abyss.
             The game lasted 00:44:40 (16445 turns).

inmateoo the Bludgeoner (Troll Enchanter)          Turns: 16445, Time: 00:44:40

Health: -2/178     AC: 10    Str: 27    XL:     13   Next: 16%
Magic:  13/13      EV: 10    Int: 11    God:    Okawaru [******]
Gold:   406        SH:  0    Dex: 11    Spells: 1 memorised, 13 levels left

rFire  . . .     SeeInvis .     p - +2 dire flail (crush)
rCold  + . .     Clarity  .     O - +2 robe {rC+}
rNeg   . . .     SustAt   .     (shield currently unavailable)
rPois  .         Gourm    +     (helmet restricted)
rElec  .         Spirit   .     e - +2 cloak
rCorr  .         Warding  .     (gloves unavailable)
rMut   +         Stasis   .     (boots unavailable)
MR     .....                    j - amulet of resist mutation
Stlth  ..........               b - +2 ring of slaying
                                i - +4 ring of slaying

@: berserking, about to teleport, very slightly contaminated, very quick, not
resistant to hostile enchantments, extremely unstealthy
A: unfitting armour, claws 3, fast metabolism 3, gourmand, mutation resistance
1, regeneration 2, shaggy fur 1, tough skin 2
a: Heroism, Finesse, Renounce Religion
}: 1/15 runes: abyssal


You were on level 5 of the Abyss.
You worshipped Okawaru.
Okawaru was exalted by your worship.
You were very full.

You visited 2 branches of the dungeon, and saw 15 of its levels.
You visited the Abyss 1 time.

You collected 1342 gold pieces.
You spent 936 gold pieces at shops.

Inventory:

Hand Weapons
 f - a +0 giant club
 n - a +1 giant spiked club
 p - a +2 dire flail of crushing (weapon)
 v - a +5 morningstar
Missiles
 s - 12 large rocks (quivered)
 z - 7 poisoned javelins
 D - 3 tomahawks of returning
 M - 4 javelins of returning
Armour
 e - a +2 cloak (worn)
 O - a +2 robe of cold resistance (worn)
Jewellery
 b - a +2 ring of slaying (right claw)
 h - an uncursed ring of sustain attributes
 i - a +4 ring of slaying (left claw)
 j - an amulet of resist mutation (around neck)
 A - an uncursed ring of wizardry
 E - an uncursed ring of protection from magic
 I - a +3 ring of evasion
Wands
 a - a wand of fireball (6)
 r - a wand of frost (20)
 u - a wand of teleportation (4)
 x - a wand of frost (32)
 H - a wand of draining (0)
 Q - a wand of magic darts (27)
 R - a wand of fire (6)
Scrolls
 k - a scroll of magic mapping
 o - 7 scrolls of remove curse
 w - a scroll of amnesia
 y - 2 scrolls of identify
 J - a scroll of enchant armour
Potions
 g - a potion of cure mutation
 l - 4 potions of brilliance
 q - a potion of resistance
 t - 2 potions of magic
 L - a potion of haste
Books
 c - a book of Maledictions

   Spells                             Type                      Level
   a - Corona                         Hexes                        1
   b - Ensorcelled Hibernation        Hexes/Ice                    2
   c - Confuse                        Hexes                        3
   d - Tukima's Dance                 Hexes                        3
   e - Dazzling Spray                 Conjuration/Hexes            3
 B - a book of the Sky

   Spells                             Type                      Level
   a - Summon Lightning Spire         Summoning/Air                4
   b - Airstrike                      Air                          4
   c - Silence                        Hexes/Air                    5
   d - Deflect Missiles               Charms/Air                   6
   e - Conjure Ball Lightning         Conjuration/Air              6
   f - Tornado                        Air                          9
 G - a book of Callings

   Spells                             Type                      Level
   a - Summon Small Mammal            Summoning                    1
   b - Call Imp                       Summoning                    2
   c - Call Canine Familiar           Summoning                    3
   d - Summon Guardian Golem          Hexes/Summoning              3
   e - Summon Lightning Spire         Summoning/Air                4
   f - Summon Ice Beast               Ice/Summoning                4
Comestibles
 d - 10 bread rations


   Skills:
 + Level 5.5 Fighting
   Level 0.7 Short Blades
 * Level 16.5 Maces & Flails
 + Level 6.8 Throwing
 - Level 4.7 Armour
 + Level 2.4 Dodging
 - Level 1.7 Stealth
 - Level 1.2 Spellcasting
 - Level 2.0 Hexes


You had 13 spell levels left.
You knew the following spells:

 Your Spells              Type           Power        Failure   Level  Hunger
a - Corona                Hex            #......      17%         1    ##.....


Dungeon Overview and Level Annotations

Branches:
Dungeon (15/15)            Temple (0/1) D:4            Lair (0/8) D:11
    Orc (2/4) D:10
 Vaults: D:13-14     Depths: D:15

Altars:
Ashenzari
Gozag
Kikubaaqudgha
Makhleb
Okawaru
Qazlal
Ru
Sif Muna
The Shining One
Beogh

Shops:
D:4 =   D:7 (   D:9 (   D:12 =   Orc:1 ?


Innate Abilities, Weirdness & Mutations

You are too large for most types of armour.
You have claws for hands.
Your metabolism is lightning-fast.
You like to eat raw meat.
You heal very quickly.
You are covered in fur (AC +1).
You have very tough skin (AC +2).
You are somewhat resistant to further mutation.


Message History

* * * LOW HITPOINT WARNING * * *
You hold your ground!
The elephant trunk-slaps you but does no damage.
An elephant comes into view.
The elephant trumpets!
You puncture the elephant!
The elephant is moderately wounded.
You hear a trumpeting!
Drink which item? (? for menu, Esc to quit)
Okay, then.
Read which item? (? for menu, Esc to quit)
Okay, then.
Okay, then.
Casting: Corona
Confirm with . or Enter, or press ? or * to list all spells.
Okay, then.
Drink which item? (? for menu, Esc to quit)
A red film seems to cover your vision as you go berserk!
You feel yourself moving faster!
You feel mighty! The elephant tramples you.
You die...

..# .. #. .
.. .. § §.≈.≈
... . . #.
§§≈.≈.≈.§ ...
.. ..§. ≈≈ ≈§
#.. ....#
≈.... ..
..≈§§ ...
#.#.#≈§....
#..§≈§.Y###
.....§§..Y@#
..
.##.§§≈≈..###
... §.≈.§...
.. .§≈≈≈#..
...... ≈≈ .
...# ≈...≈≈§
......#≈..
≈.. ... ≈.
§...


You could see 2 elephants.

Vanquished Creatures
  Maud (Orc:1)
  A dire elephant (Abyss:5)
  A great orb of eyes (Abyss:2)
  Fannar (D:11)
  A hydra (D:8)
  A soul eater (Abyss:1)
  Sonja (D:10)
  Nergalle (Orc:1)
  3 unseen horrors
  5 hill giants
  3 ugly things (D:15)
  A worldbinder (Abyss:1)
  A centaur zombie (D:12)
  An elephant (Abyss:5)
  A sixfirhy (Abyss:2)
  A smoke demon (Abyss:1)
  A cyclops (Orc:1)
  2 naga magi (D:15)
  A centaur skeleton (D:10)
  A catoblepas zombie (Abyss:1)
  2 kobold demonologists (D:12)
  An ancient zyme (Abyss:1)
  A troll (D:10)
  Grinder (D:6)
  A slime creature (D:8)
  3 two-headed ogres
  A small abomination (Abyss:2)
  A blink frog (Abyss:1)
  A wyvern (D:10)
  A fire bat (Abyss:2)
  16 yaks
  A hippogriff (D:9)
  A deep elf mage (D:12)
  A hungry ghost (D:7)
  A neqoxec (Abyss:2)
  2 ynoxinuls (Abyss:2)
  A chaos spawn (Abyss:2)
  2 steam dragons
  A mottled dragon (D:12)
  Edmund (D:5)
  A water moccasin (D:7)
  A warg (Orc:1)
  5 ice beasts
  A wasp (D:12)
  5 large abominations
  5 phantoms
  10 orc warriors
  4 sky beasts
  A necrophage (D:7)
  2 black bears
  6 ogres
  4 centaurs
  A big kobold (D:11)
  A brain worm (D:12)
  10 giant frogs
  A gnoll sergeant (D:8)
  3 scorpions
  3 wights (D:10)
  2 vampire bats (D:8)
  9 killer bees
  7 crimson imps
  2 giant frog zombies
  15 orc priests
  5 jellies
  9 hounds
  Crazy Yiuf (D:6)
  2 quasits
  3 giant frog skeletons
  An iron imp (Abyss:2)
  Jessica (D:2)
  2 worker ants
  10 orc wizards
  An iguana (D:5)
  A killer bee zombie (D:7)
  3 sheep (Orc:1)
  A worker ant zombie (D:8)
  8 adders
  3 gnolls (D:5)
  A river rat (D:11)
  2 shadow imps
  A white imp (Abyss:1)
  3 worms
  2 adder skeletons (D:8)
  An adder zombie (D:8)
  113 orcs
  6 bat skeletons (D:8)
  5 goblins
  4 hobgoblins
  6 jackals
  14 kobolds
  6 quokkas
  A ball python (D:3)
  10 bats
  5 giant cockroaches
  8 giant geckos
  A giant gecko skeleton (D:6)
  4 giant newts
  16 rats
  A fungus (D:11)
429 creatures vanquished.

Vanquished Creatures (others)
  An orc (Orc:1)
  5 fungi (D:11)
  6 starspawn tentacles
  142 starspawn tentacle segments
154 creatures vanquished.

Grand Total: 583 creatures vanquished

Notes
Turn   | Place    | Note
--------------------------------------------------------------
     0 | D:1      | inmateoo the Troll Enchanter began the quest for the Orb.
     0 | D:1      | Reached XP level 1. HP: 16/16 MP: 1/1
    99 | D:1      | Reached skill level 1 in Maces & Flails
   187 | D:1      | Reached XP level 2. HP: 24/24 MP: 2/2
   909 | D:2      | Reached XP level 3. HP: 27/31 MP: 3/3
   947 | D:2      | Reached skill level 1 in Throwing
  1018 | D:2      | Noticed Jessica
  1035 | D:2      | Killed Jessica
  1035 | D:2      | Reached skill level 3 in Maces & Flails
  1035 | D:2      | Reached XP level 4. HP: 21/39 MP: 4/4
  1101 | D:2      | Found an iron altar of Okawaru.
  1112 | D:2      | Became a worshipper of Warmaster Okawaru
  1653 | D:3      | Found an opulent altar of Gozag.
  2137 | D:4      | Found Evevvire's Jewellery Boutique.
  2235 | D:4      | Found a staircase to the Ecumenical Temple.
  2301 | D:4      | Noticed a phantom
  2380 | D:4      | Killed a phantom
  2380 | D:4      | Reached skill level 4 in Maces & Flails
  2380 | D:4      | Reached XP level 5. HP: 35/45 MP: 5/5
  2464 | D:4      | Noticed an ogre
  2474 | D:4      | Killed an ogre
  2474 | D:4      | Reached XP level 6. HP: 53/53 MP: 6/6
  2752 | D:4      | Found a deep blue altar of Sif Muna.
  2760 | D:4      | Reached skill level 5 in Maces & Flails
  2963 | D:5      | Entered Level 5 of the Dungeon
  3186 | D:5      | Reached * piety under Okawaru
  3190 | D:5      | Reached skill level 6 in Maces & Flails
  3190 | D:5      | Reached XP level 7. HP: 26/59 MP: 7/7
  3196 | D:5      | Gained mutation: You are somewhat resistant to further mutation. [mutagenic meat]
  3301 | D:5      | Noticed Edmund
  3531 | D:5      | Killed Edmund
  3632 | D:5      | Reached skill level 7 in Maces & Flails
  3737 | D:5      | Found a stormy altar of Qazlal.
  3974 | D:6      | Noticed Grinder
  3981 | D:6      | Paralysed by Grinder for 2 turns
  3991 | D:6      | Killed Grinder
  3991 | D:6      | Reached ** piety under Okawaru
  3991 | D:6      | Reached skill level 8 in Maces & Flails
  3991 | D:6      | Reached XP level 8. HP: 55/67 MP: 8/8
  4026 | D:6      | Noticed Crazy Yiuf
  4038 | D:6      | Killed Crazy Yiuf
  4617 | D:6      | Reached skill level 9 in Maces & Flails
  4966 | D:7      | Found a glowing golden altar of the Shining One.
  5042 | D:7      | Found a burning altar of Makhleb.
  5096 | D:7      | Reached skill level 10 in Maces & Flails
  5130 | D:7      | Reached *** piety under Okawaru
  5254 | D:7      | Found a sacrificial altar of Ru.
  5322 | D:7      | Reached XP level 9. HP: 74/74 MP: 9/9
  5513 | D:7      | Found Anwutusa's Antique Weapon Shop.
  5636 | D:8      | Reached skill level 11 in Maces & Flails
  5747 | D:8      | HP: 2/74 [killer bee (2)]
  6001 | D:8      | Noticed a hill giant
  6073 | D:8      | Reached **** piety under Okawaru
  6313 | D:8      | Reached skill level 12 in Maces & Flails
  6366 | D:8      | Found an ancient bone altar of Kikubaaqudgha.
  6507 | D:8      | Received a gift from Okawaru
  6560 | D:8      | Noticed an eight-headed hydra
  6614 | D:9      | Reached XP level 10. HP: 38/81 MP: 10/10
  6869 | D:9      | Found Ivvoerghai's Weapon Emporium.
  6957 | D:9      | Received a gift from Okawaru
  6957 | D:9      | Reached skill level 13 in Maces & Flails
  7004 | D:9      | Found a shattered altar of Ashenzari.
  7268 | D:10     | Entered Level 10 of the Dungeon
  7379 | D:10     | Killed an unseen horror
  7423 | D:10     | Noticed a hill giant
  7432 | D:10     | Killed a hill giant
  7471 | D:10     | Found an opulent altar of Gozag.
  7615 | D:10     | Reached ***** piety under Okawaru
  7648 | D:10     | Noticed Sonja
  7650 | D:10     | Killed Sonja
  7650 | D:10     | Reached skill level 14 in Maces & Flails
  8131 | D:10     | Found a staircase to the Orcish Mines.
  8228 | D:8      | Killed a hill giant
  8228 | D:8      | Received a gift from Okawaru
  8228 | D:8      | Reached XP level 11. HP: 88/88 MP: 11/11
  8579 | D:8      | Killed an eight-headed hydra
  8579 | D:8      | Received a gift from Okawaru
  8579 | D:8      | Reached skill level 1 in Fighting
  9103 | Orc:1    | Entered Level 1 of the Orcish Mines
  9288 | Orc:1    | Noticed Nergalle
  9527 | D:10     | Received a gift from Okawaru
  9704 | Orc:1    | Found Ettih's Magic Scroll Boutique.
  9829 | Orc:1    | Reached skill level 1 in Armour
 10175 | Orc:1    | Killed Nergalle
 10175 | Orc:1    | Received a gift from Okawaru
 10175 | Orc:1    | Reached skill level 15 in Maces & Flails
 10289 | Orc:1    | Found a roughly hewn altar of Beogh.
 10409 | Orc:1    | Noticed a hill giant
 10421 | Orc:1    | Killed a hill giant
 10865 | Orc:2    | Noticed Maud
 11029 | Orc:1    | Killed Maud
 11992 | D:4      | Bought a +4 ring of slaying for 936 gold pieces
 12141 | D:11     | Found a staircase to the Lair.
 12212 | D:11     | Noticed Fannar
 12317 | D:11     | Noticed a hill giant
 12327 | D:11     | Killed a hill giant
 12582 | D:11     | Reached ****** piety under Okawaru
 12582 | D:11     | Received a gift from Okawaru
 12745 | D:11     | Killed an unseen horror
 12889 | D:11     | Killed Fannar
 12889 | D:11     | Reached XP level 12. HP: 98/105 MP: 12/12
 13366 | D:11     | Reached skill level 5 in Throwing
 13688 | D:12     | Found Xyafuow's Jewellery Boutique.
 14174 | D:12     | You fall through a shaft for 3 floors!
 14174 | D:15     | Entered Level 15 of the Dungeon
 14186 | D:15     | Reached skill level 16 in Maces & Flails
 14699 | D:15     | Cast into the Abyss (a wizard)
 14779 | Abyss:1  | Found an iron altar of Okawaru.
 15063 | Abyss:1  | Noticed a tentacled starspawn
 15200 | Abyss:1  | Received a gift from Okawaru
 15200 | Abyss:1  | Reached skill level 5 in Fighting
 15325 | Abyss:1  | Noticed an ancient lich
 15453 | Abyss:1  | Noticed a tentacled starspawn
 15471 | Abyss:1  | Found a corrupted altar of Lugonu.
 15614 | Abyss:1  | Noticed a starcursed mass
 16034 | Abyss:2  | Reached XP level 13. HP: 118/118 MP: 10/13
 16071 | Abyss:2  | Noticed a tentacled starspawn
 16219 | Abyss:2  | Noticed a starcursed mass
 16414 | Abyss:4  | Noticed a tentacled starspawn
 16419 | Abyss:5  | Entered Level 5 of the Abyss
 16419 | Abyss:5  | Noticed a dire elephant
 16421 | Abyss:5  | Noticed a hellephant
 16424 | Abyss:5  | Got an abyssal rune of Zot
 16425 | Abyss:5  | Noticed a dire elephant
 16433 | Abyss:5  | Killed a dire elephant
 16443 | Abyss:5  | HP: 1/119 [elephant (8)]
 16445 | Abyss:5  | Slain by an elephant

Action                   |  1- 3 |  4- 6 |  7- 9 | 10-12 | 13-15 || total
-------------------------+-------+-------+-------+-------+-------++-------
Melee: Mace              |    22 |       |       |       |       ||    22
       Unarmed           |    98 |   146 |       |       |       ||   244
       Giant spiked club |       |    63 |    39 |       |       ||   102
       Dire flail        |       |       |   428 |   782 |    62 ||  1272
       Giant club        |       |       |     2 |    18 |       ||    20
       Morningstar       |       |       |       |    65 |       ||    65
Throw: Large rock        |       |     3 |     3 |    32 |       ||    38
       Javelin           |       |       |       |    16 |       ||    16
Invok: Heroism           |       |       |       |    12 |       ||    12
Evoke: Wand              |       |       |     2 |     8 |     3 ||    13
  Use: Potion            |     1 |       |     3 |     8 |     5 ||    17
       Scroll            |       |    10 |     8 |    17 |     4 ||    39
 Stab: Sleeping          |     3 |     4 |     1 |     3 |       ||    11
  Eat: Chunk             |    13 |    17 |    47 |    57 |       ||   134
       Beef jerky        |       |       |       |     3 |     1 ||     4
       Fruit             |       |       |       |     2 |       ||     2
       Pizza             |       |       |       |     2 |       ||     2
       Meat ration       |       |       |       |     4 |       ||     4
       Bread ration      |       |       |       |       |     1 ||     1
